[Event "Titled Tuesday Blitz January 10 Early 2023"]
[White "Koellner, Ruben Gideon"]
[Black "Bacrot, Etienne"]
[WhiteFideId "12993093"]
[BlackFideId "605506"]
[WhiteElo "2426"]
[BlackElo "2667"]
[Result "1-0"]
[Round "07"]
[TimeControl "180+2"]
[Date "2023.01.10"]
[WhiteClock "0:00:04"]
[BlackClock "0:00:04"]

1. d4 Nf6 2. Bg5 d5 3. e3 c5 4. Bxf6 gxf6 5. dxc5 Nc6 6. Bb5 e5 7. c4 a6 8. Ba4 Be6 9. cxd5 Bxd5 10. Nf3 Bxc5 11. Nc3 Bb4 12. Rc1 Qa5 13. Bb3 Rd8 14. Bxd5 Rxd5 15. Qb3 Bxc3+ 16. Qxc3 Rc5 17. Qxa5 Rxa5 18. a3 Ke7 19. Ke2 Rg8 20. g3 Rb5 21. Rc2 Rc8 22. Rhc1 Rd8 23. Nd2 a5 24. Ne4 Ra8 25. Nc3 Rc5 26. Na4 Rxc2+ 27. Rxc2 Rc8 28. Rd2 Rc7 29. Nb6 Ke6 30. Nd5 Rd7 31. Nc3 Rc7 32. Nb5 Rc8 33. Nd6 Rc7 34. Ne4 Ke7 35. Nd6 Ke6 36. Nb5 Rc8 37. h3 Ke7 38. Nd6 Rb8 39. Nf5+ Ke6 40. g4 Rd8 41. Rxd8 Nxd8 42. Kd3 Nc6 43. Kc4 e4 44. Kc5 Ne5 45. Kb6 Nc4+ 46. Kxb7 Nxb2 47. Ka6 a4 48. Kb5 Ke5 49. Kb4 Kd5 50. Kc3 Nd1+ 51. Kb4 Nxf2 52. Kxa4 Nxh3 53. Kb5 Nf2 54. a4 Nxg4 55. a5 Ne5 56. a6 Nc6 57. Ne7+ Nxe7 58. a7 Ke5 59. a8=Q Nd5 60. Kc5 Nxe3 61. Qe8+ Kf5 62. Qd7+ Kf4 63. Qxf7 f5 64. Qc7+ Kf3 65. Qxh7 Ng4 66. Qxf5+ 1-0


[Site "https://www.chess.com"]

[Event "Titled Tuesday Blitz January 10 Early 2023"]
[White "Vidit, Santosh Gujrathi"]
[Black "Indjic, Aleksandar"]
[WhiteFideId "5029465"]
[BlackFideId "911925"]
[WhiteElo "2731"]
[BlackElo "2618"]
[Result "1-0"]
[Round "07"]
[TimeControl "180+2"]
[Date "2023.01.10"]
[WhiteClock "0:00:20"]
[BlackClock "0:00:09"]

1. e4 d5 2. exd5 Qxd5 3. Nc3 Qd6 4. d4 Nf6 5. Nf3 a6 6. g3 Bg4 7. Bg2 c6 8. O-O e6 9. h3 Bxf3 10. Bxf3 Qd8 11. Ne2 Nbd7 12. c4 Bd6 13. Qb3 Qc8 14. Rd1 O-O 15. Bg2 Rb8 16. Be3 Re8 17. Rac1 h6 18. g4 Nf8 19. Bf4 Bxf4 20. Nxf4 e5 21. dxe5 Rxe5 22. Qc3 Qc7 23. Nd3 Re7 24. Re1 Rbe8 25. b4 Ng6 26. a4 Rd8 27. Rxe7 Qxe7 28. Re1 Qc7 29. Nc5 Nd7 30. Ne4 Nde5 31. c5 Rd3 32. Qc1 Nh4 33. Re3 a5 34. Nd6 Nhg6 35. f4 Qe7 36. fxe5 Qg5 37. Nf5 Nf4 38. Qe1 axb4 39. Bf1 Rxe3 40. Qxe3 g6 41. Nd6 b3 42. Qxb3 Qxe5 43. Qxf7+ Kh8 44. Qf8+ Kh7 45. Qf7+ Kh8 46. Qe8+ Qxe8 47. Nxe8 Ne6 48. Nd6 Nxc5 49. a5 Kg7 50. Nxb7 Nxb7 51. a6 1-0


[Site "https://www.chess.com"]

[Event "Titled Tuesday Blitz January 10 Early 2023"]
[White "Makarian, Rudik"]
[Black "Eljanov, Pavel"]
[WhiteFideId "44105681"]
[BlackFideId "14102951"]
[WhiteElo "2545"]
[BlackElo "2705"]
[Result "1-0"]
[Round "07"]
[TimeControl "180+2"]
[Date "2023.01.10"]
[WhiteClock "0:00:11"]
[BlackClock "0:00:24"]

1. f4 d5 2. Nf3 g6 3. g3 Bg7 4. Bg2 c5 5. O-O Nc6 6. d3 Nf6 7. Nc3 d4 8. Na4 Qd6 9. c4 O-O 10. a3 a5 11. Nb6 Rb8 12. Nxc8 Rfxc8 13. Bd2 b6 14. Rb1 Ng4 15. Qc1 Re8 16. h3 Nh6 17. Ng5 Nf5 18. Ne4 Qc7 19. Kh2 h5 20. g4 hxg4 21. hxg4 Nh6 22. Bf3 f5 23. gxf5 Nxf5 24. Rg1 Nh4 25. Kg3 Nxf3 26. Kxf3 Bf6 27. Rxg6+ Kf7 28. Rg3 Qd7 29. Qh1 Qf5 30. Rbg1 Rh8 31. Qg2 Ne5+ 32. Kf2 Bh4 33. Ke1 Nd7 34. Ng5+ Ke8 35. Kd1 Bxg3 36. Qxg3 Kd8 37. Kc2 Kc7 38. Qf3 Rh6 39. Ne4 Rg6 40. Rxg6 Qxg6 41. f5 Qc6 42. Bf4+ Kb7 43. Bxb8 Kxb8 44. Qf4+ Kb7 45. Qg3 a4 46. Qg7 b5 47. Qxe7 bxc4 48. Nd6+ Ka6 49. Nxc4 1-0


[Site "https://www.chess.com"]

[Event "Titled Tuesday Blitz January 10 Early 2023"]
[White "Vokhidov, Shamsiddin"]
[Black "Samadov, Read"]
[WhiteFideId "14204223"]
[BlackFideId "13417444"]
[WhiteElo "2586"]
[BlackElo "2469"]
[Result "0-1"]
[Round "07"]
[TimeControl "180+2"]
[Date "2023.01.10"]
[WhiteClock "0:00:04"]
[BlackClock "0:00:14"]

1. e4 c5 2. Nf3 d6 3. Bb5+ Nd7 4. a4 Nf6 5. Nc3 g6 6. O-O Bg7 7. d4 cxd4 8. Nxd4 O-O 9. Be3 a6 10. Be2 Nc5 11. f3 Bd7 12. Qd2 Rc8 13. a5 Re8 14. Rfd1 Ne6 15. Nb3 Bc6 16. Bf1 Qd7 17. Nd5 Bxd5 18. exd5 Nc5 19. Nxc5 dxc5 20. Bc4 Red8 21. Qe2 Ne8 22. c3 Nd6 23. Rd2 h5 24. Bg5 Bf6 25. Bf4 Kg7 26. Bb3 Qf5 27. Be3 h4 28. Bc2 Qh5 29. Re1 Re8 30. Rdd1 Bg5 31. Ba4 Red8 32. Bxg5 Qxg5 33. Qxe7 Qxe7 34. Rxe7 Kf6 35. Rde1 c4 36. f4 Rc5 37. Bd1 Rxa5 38. Bf3 Rb5 39. R7e2 Rd7 40. g4 hxg3 41. hxg3 Rb3 42. Kf2 a5 43. Ra1 b6 44. g4 g5 45. Kg3 gxf4+ 46. Kxf4 Kg7 47. Rh2 Ne8 48. Bd1 Rxd5 49. Bxb3 cxb3 50. Rah1 Nd6 51. Rh7+ Kf8 52. Rh8+ Ke7 53. Re1+ Kd7 54. Rb8 Kc7 55. Rf8 Rd2 56. Rb1 a4 57. g5 b5 58. Ke5 Nc4+ 59. Kf6 Rf2+ 60. Kg7 Nxb2 61. Rxf7+ Rxf7+ 62. Kxf7 a3 63. g6 a2 64. Ra1 Nc4 65. g7 b2 66. Rxa2 b1=Q 67. Ra7+ Kb6 68. g8=Q Qf5+ 69. Ke8 Qc8+ 70. Kf7 Qxg8+ 71. Kxg8 Kxa7 0-1


[Site "https://www.chess.com"]

[Event "Titled Tuesday Blitz January 10 Early 2023"]
[White "Svane, Rasmus"]
[Black "Boros, Denes"]
[WhiteFideId "4657101"]
[BlackFideId "722340"]
[WhiteElo "2623"]
[BlackElo "2406"]
[Result "1-0"]
[Round "07"]
[TimeControl "180+2"]
[Date "2023.01.10"]
[WhiteClock "0:00:05"]
[BlackClock "0:00:18"]

1. Nf3 g6 2. d4 Bg7 3. e4 Nc6 4. d5 Ne5 5. Nxe5 Bxe5 6. c4 c6 7. Nc3 d6 8. Bd3 Nf6 9. O-O O-O 10. Kh1 Nd7 11. Bh6 Bg7 12. Bxg7 Kxg7 13. f4 Qb6 14. Qd2 Nc5 15. Be2 Bd7 16. f5 f6 17. Rab1 a5 18. Qf4 a4 19. Qg3 Be8 20. Qe3 Bf7 21. Bf3 Nd7 22. Qe2 Ne5 23. Rfc1 g5 24. Qf1 Qd4 25. Ne2 Qc5 26. Ng3 g4 27. Be2 Qe3 28. Rc3 Qg5 29. Qc1 Rfc8 30. Nf1 h5 31. Kg1 Rc7 32. Qxg5+ fxg5 33. Ne3 Kf6 34. Kf2 Ra5 35. Ke1 Nd7 36. Bd3 Nc5 37. Bc2 Ke5 38. Nf1 Ra6 39. Re3 Rb6 40. Nd2 Rb4 41. Ke2 Nd7 42. b3 a3 43. h3 gxh3 44. Rxh3 g4 45. Re3 Kf6 46. g3 Ne5 47. Rh1 b5 48. cxb5 cxd5 49. Kd1 d4 50. Ree1 d3 51. Bb1 Rxb5 52. Re3 Rbc5 53. Nc4 Bxc4 54. bxc4 Rxc4 55. Kd2 Rd4 56. Bxd3 Nc4+ 57. Ke2 Nxe3 58. Kxe3 Ke5 59. Rxh5 Rb4 60. Rh6 Rxe4+ 61. Bxe4 Rc3+ 62. Bd3 Kd5 63. Re6 Rc1 64. Rxe7 Re1+ 65. Be2 Rg1 66. Bxg4 Rxg3+ 67. Bf3+ Kc5 68. f6 Rg6 69. f7 Rf6 70. Bh5 d5 71. Re8 d4+ 72. Ke4 Rf1 73. f8=Q+ Rxf8 74. Rxf8 Kc4 75. Rc8+ 1-0


[Site "https://www.chess.com"]

[Event "Titled Tuesday Blitz January 10 Early 2023"]
[White "Kamsky, Gata"]
[Black "Shipov, Sergei"]
[WhiteFideId "2000024"]
[BlackFideId "4113624"]
[WhiteElo "2665"]
[BlackElo "2541"]
[Result "1-0"]
[Round "07"]
[TimeControl "180+2"]
[Date "2023.01.10"]
[WhiteClock "0:00:30"]
[BlackClock "0:00:06"]

1. e4 e6 2. d4 d5 3. Nc3 Bb4 4. e5 c5 5. a3 Ba5 6. b4 cxd4 7. Nb5 Bc7 8. f4 Bd7 9. Nxc7+ Qxc7 10. Nf3 Ne7 11. Bb2 a6 12. Qd2 Bb5 13. Bxb5+ axb5 14. Nxd4 Qc4 15. Qd3 Nbc6 16. Nxb5 O-O 17. Qxc4 dxc4 18. Nd6 Nd5 19. Nxc4 Nxf4 20. O-O Nd5 21. Nd6 b6 22. Rf3 Rad8 23. c4 Nde7 24. Rc1 Ng6 25. c5 bxc5 26. Rxc5 Ncxe5 27. Bxe5 Nxe5 28. Rxe5 Rxd6 29. Rb3 Rc8 30. Re2 Kf8 31. b5 Ke7 32. a4 Rc1+ 33. Kf2 Ra1 34. b6 Rd8 35. b7 Rb8 36. Rb4 Kd6 37. Rc2 Kd7 38. Ke3 e5 39. Ke4 f6 40. Kd5 Rd1+ 41. Ke4 Re1+ 42. Kd3 Rd1+ 43. Kc3 Kc7 44. Kb2+ Kd7 45. a5 Rd5 46. a6 Ra5 47. Rb6 h5 48. Kb3 h4 49. Ra2 Rxa2 50. Kxa2 Kc7 51. a7 Rxb7 52. Ra6 Rxa7 53. Rxa7+ 1-0


[Site "https://www.chess.com"]

[Event "Titled Tuesday Blitz January 10 Early 2023"]
[White "Molina, Roberto Junio Brito"]
[Black "Postny, Evgeny"]
[WhiteFideId "2109450"]
[BlackFideId "2804344"]
[WhiteElo "2403"]
[BlackElo "2549"]
[Result "1/2-1/2"]
[Round "07"]
[TimeControl "180+2"]
[Date "2023.01.10"]
[WhiteClock "0:00:17"]
[BlackClock "0:00:07"]

1. d4 c5 2. d5 g6 3. e4 Bg7 4. Nf3 d6 5. Be2 Bg4 6. Nfd2 Bxe2 7. Qxe2 Nf6 8. Qb5+ Qd7 9. Qxd7+ Nfxd7 10. a4 O-O 11. Nc4 Na6 12. c3 Ne5 13. Nxe5 Bxe5 14. Nd2 f5 15. f3 fxe4 16. fxe4 Rf7 17. Nc4 Bf4 18. g3 Bxc1 19. Rxc1 Raf8 20. Rc2 Nb8 21. Re2 Nd7 22. Rg1 Nb6 23. Nxb6 axb6 24. Kd2 Rf3 25. Re3 Rf2+ 26. Re2 Kg7 27. Ra1 c4 28. b3 R8f3 29. bxc4 Rxe2+ 30. Kxe2 Rxc3 31. Rb1 Rxc4 32. Kd3 Rxa4 33. Rxb6 Ra2 34. e5 dxe5 35. Ke4 Re2+ 36. Kf3 Rxh2 37. Rxb7 Kf6 38. Rb6+ Kf7 39. Re6 Rh5 40. Ra6 Rf5+ 41. Ke4 Rg5 42. Kf3 e4+ 43. Kxe4 Rxg3 44. Ra7 Rg4+ 45. Ke5 Rg5+ 46. Ke4 Kf6 47. Ra6+ Kf7 48. Ra7 Rg1 49. d6 Re1+ 50. Kf4 Kf6 51. d7 Rd1 52. Ke4 h5 53. Ra6+ Kf7 54. Ra7 h4 55. Kf3 Rd4 56. Ke3 Rd6 57. Kf4 Ke6 58. Kg4 Rd4+ 59. Kg5 h3 60. Ra3 h2 61. Rh3 Kxd7 62. Rxh2 Rd6 63. Re2 Ke8 64. Kh6 Kf7 65. Rf2+ Rf6 66. Ra2 Re6 67. Rf2+ Ke8 68. Kg7 Kd7 69. Rd2+ Rd6 70. Re2 e6 71. Kf6 e5+ 72. Kf7 Rd5 73. Kf6 Kd6 74. Kxg6 Rd4 75. Kf5 Rf4+ 76. Kg5 Rf8 77. Rd2+ Ke6 78. Kg4 e4 79. Ra2 Ke5 80. Kg3 Kd4 81. Ra4+ Kd3 82. Ra3+ Kc4 83. Kg2 Rf5 84. Ra4+ Kd3 85. Ra3+ Kd4 86. Ra4+ Kd3 87. Ra3+ Kc2 88. Re3 Re5 89. Kf2 Kd2 90. Re2+ Kd3 91. Re3+ Kd2 92. Re2+ Kc3 93. Ke3 Re8 94. Ra2 Re7 95. Ra4 Kb3 96. Ra6 Kb4 97. Rc6 Kb5 98. Rc1 Re6 99. Rc2 Rc6 100. Rb2+ Kc5 101. Kxe4 Kc4 102. Rc2+ Kb5 103. Rh2 Rc5 104. Kd4 Rc4+ 105. Ke3 Rc3+ 106. Ke4 Rc4+ 107. Kd3 Rc5 108. Rg2 Kc6 109. Kd4 Rd5+ 110. Ke4 Rc5 111. Rg6+ Kb5 112. Rf6 Rc6 113. Rf5+ Rc5 114. Rf8 Rc6 115. Kd4 Rd6+ 116. Ke5 Rd1 117. Rb8+ Kc4 118. Rh8 Kc5 119. Rc8+ Kb4 120. Rc2 Kb3 121. Re2 Kc3 122. Re4 Kc2 123. Rd4 Rxd4 124. Kxd4 1/2-1/2


[Site "https://www.chess.com"]

[Event "Titled Tuesday Blitz January 10 Early 2023"]
[White "Moroni, Luca Jr"]
[Black "Bartel, Mateusz"]
[WhiteFideId "865834"]
[BlackFideId "1112635"]
[WhiteElo "2535"]
[BlackElo "2609"]
[Result "1-0"]
[Round "07"]
[TimeControl "180+2"]
[Date "2023.01.10"]
[WhiteClock "0:00:03"]
[BlackClock "0:00:02"]

1. d4 Nf6 2. Nf3 g6 3. Bf4 Bg7 4. Nc3 d5 5. Nb5 Na6 6. e3 O-O 7. h3 c6 8. Nc3 Nc7 9. Be2 Nce8 10. O-O Nd6 11. Be5 b5 12. b4 a5 13. a3 a4 14. Ne1 Bh6 15. Nd3 Nd7 16. Bh2 Bg7 17. Nc5 Nxc5 18. bxc5 Nc4 19. Bxc4 dxc4 20. Qf3 Ra6 21. Na2 Bb7 22. Nb4 Ra8 23. c3 Qd7 24. Rad1 Rad8 25. e4 Qc8 26. Qe3 f5 27. f3 fxe4 28. fxe4 Qe6 29. Bc7 Rxf1+ 30. Rxf1 Rf8 31. Rxf8+ Kxf8 32. Qf4+ Qf6 33. Kf2 Ke8 34. Qxf6 Bxf6 35. Bf4 Kd7 36. g4 h5 37. gxh5 gxh5 38. Kg3 Bc8 39. h4 Bg7 40. Bg5 e5 41. d5 Bb7 42. Kf3 Bf8 43. d6 Ke6 44. Bc1 Bg7 45. Kg3 Bf8 46. Nc2 Bc8 47. Kf3 Kf7 48. Bg5 Bg4+ 49. Ke3 Ke6 50. Kd2 Kd7 51. Ne3 Bf3 52. Nf5 Bxe4 53. Ng3 Bg6 54. Ke3 e4 55. Nxe4 Bxe4 56. Kxe4 Bg7 57. Bd2 Ke6 58. Be1 Bf6 59. Kf4 Bd8 60. Ke4 Bf6 61. Kf4 Kd5 62. Kf5 Bd8 63. Kg6 Kxc5 64. d7 Kd6 65. Kxh5 Kxd7 66. Kg6 Ke6 67. h5 Bf6 68. h6 Be5 69. h7 c5 70. Bd2 Kd5 71. Kf5 Bh8 72. Bg5 b4 73. cxb4 c3 74. b5 c2 75. Kg6 c4 76. Be3 Bb2 77. Kf7 1-0


[Site "https://www.chess.com"]

[Event "Titled Tuesday Blitz January 10 Early 2023"]
[White "Cherniaiev, Tykhon"]
[Black "Sanal, Vahap"]
[WhiteFideId "14182360"]
[BlackFideId "6300545"]
[WhiteElo "2330"]
[BlackElo "2600"]
[Result "1-0"]
[Round "07"]
[TimeControl "180+2"]
[Date "2023.01.10"]
[WhiteClock "0:00:13"]
[BlackClock "0:00:02"]

1. Nf3 Nf6 2. d4 g6 3. c4 Bg7 4. Nc3 O-O 5. e4 d6 6. Be2 e5 7. dxe5 dxe5 8. Qxd8 Rxd8 9. Bg5 Re8 10. Nd5 Nxd5 11. cxd5 c6 12. dxc6 Nxc6 13. a3 Bg4 14. Be3 Rac8 15. Rd1 Bxf3 16. gxf3 Nd4 17. Bxd4 exd4 18. Bd3 Bh6 19. Ke2 Bf4 20. Ra1 h5 21. a4 Re6 22. a5 Re5 23. Ra4 Rd8 24. a6 bxa6 25. Rxa6 Rb8 26. Rb1 Re7 27. h3 Reb7 28. b4 Rxb4 29. Rxb4 Rxb4 30. Rxa7 Kg7 31. Ra2 Kf6 32. h4 Rb7 33. Ra4 Rd7 34. Bb5 Rb7 35. Bd3 Rd7 36. Bb5 Rd8 37. Kd3 Be5 38. f4 Bxf4 39. Rxd4 Rb8 40. Rd5 Bc7 41. Bc4 Ke7 42. Ke3 Rb4 43. Bd3 Bb6+ 44. Kf3 Rb2 45. Be2 Kf8 46. Rb5 Rxb5 47. Bxb5 Ke7 48. Bc4 Kf6 49. Bb5 Bd8 50. Kg3 Ke5 51. Be8 Bc7 52. Bxf7 Kf6+ 53. f4 Kxf7 54. Kf3 1-0


[Site "https://www.chess.com"]

[Event "Titled Tuesday Blitz January 10 Early 2023"]
[White "Karthik Rajaa"]
[Black "Movahed, Sina"]
[WhiteFideId "25035215"]
[BlackFideId "42520835"]
[WhiteElo "2276"]
[BlackElo "2340"]
[Result "1-0"]
[Round "07"]
[TimeControl "180+2"]
[Date "2023.01.10"]
[WhiteClock "0:00:14"]
[BlackClock "0:00:12"]

1. e4 c5 2. Nf3 d6 3. Bb5+ Nd7 4. O-O Nf6 5. Re1 g6 6. c3 Bg7 7. d4 cxd4 8. cxd4 O-O 9. Nc3 a6 10. Bf1 b5 11. e5 dxe5 12. dxe5 Ng4 13. e6 fxe6 14. h3 Nge5 15. Ng5 Nc5 16. Be3 Ncd3 17. Re2 Nc4 18. Bc1 Bd4 19. Nce4 Nxf2 20. Rxf2 Rxf2 21. Kh1 Rf5 22. Nf3 Rd5 23. Qe1 Bb7 24. Bh6 Bxb2 25. Neg5 Ne5 26. Rb1 Qd6 27. Rxb2 Rd1 28. Qxe5 Rxf1+ 29. Kh2 Bxf3 30. Nxf3 Rc8 31. Rd2 Qxe5+ 32. Nxe5 Rf5 33. Ng4 b4 34. Rd7 Re8 35. Bd2 a5 36. Nh6+ Kg7 37. Nxf5+ exf5 38. Ra7 Kf6 39. Rxa5 Rb8 40. Ra6+ Kf7 41. Bf4 Rb5 42. Ra7 Kf6 43. Be3 b3 44. axb3 Rxb3 45. Bd4+ e5 46. Ra6+ Kg5 47. Bxe5 f4 48. Ra5 f3 49. Bg7+ Kf4 50. Bh6+ Ke4 51. Ra4+ Ke5 52. g4 f2 53. Rf4 Rb2 54. Kg3 Rb3+ 55. Kg2 Rb2 56. Rxf2 Rb3 57. Rf3 Rb2+ 58. Kg3 Ke6 59. Bg7 Rb7 60. Bh6 Ke5 61. Bf4+ Kf6 62. g5+ Kg7 63. Re3 Rd7 64. Rf3 Kg8 65. Be5 Rd5 66. Re3 Rd7 67. Bf6 Kf7 68. Ra3 h5 69. Ra8 Rb7 70. Rh8 Ke6 71. Re8+ Kf7 72. Re3 Rd7 73. Be5 Rb7 74. Rf3+ Ke6 75. Bd4 Rf7 76. Rxf7 Kxf7 77. Kf4 Ke6 78. Ke4 Kd6 79. Be5+ Ke6 80. h4 Ke7 81. Kd5 Kd7 82. Bf6 Ke8 83. Ke6 Kf8 84. Be5 Kg8 85. Kf6 Kh7 86. Bf4 Kg8 87. Kxg6 Kh8 88. Kf6 Kh7 89. g6+ Kh8 90. g7+ Kg8 91. Be5 Kh7 92. Kf7 Kh6 93. Bf4+ Kh7 94. g8=Q# 1-0


[Site "https://www.chess.com"]

[Event "Titled Tuesday Blitz January 10 Early 2023"]
[White "Durarbayli, Vasif"]
[Black "Kosteniuk, Alexandra"]
[WhiteFideId "13402935"]
[BlackFideId "4128125"]
[WhiteElo "2627"]
[BlackElo "2535"]
[Result "1-0"]
[Round "07"]
[TimeControl "180+2"]
[Date "2023.01.10"]
[WhiteClock "0:00:04"]
[BlackClock "0:00:02"]

1. e4 c6 2. d4 d5 3. exd5 cxd5 4. c4 Nf6 5. Nc3 Nc6 6. Nf3 a6 7. cxd5 Nxd5 8. Bc4 e6 9. O-O Nb6 10. Bd3 Be7 11. Qe2 O-O 12. h4 Bf6 13. Bg5 h6 14. Qe4 g6 15. Bxh6 Re8 16. h5 Ne7 17. hxg6 Nxg6 18. Rad1 Nd5 19. Ne5 Bxe5 20. dxe5 Nxc3 21. bxc3 Qh4 22. Qxh4 Nxh4 23. Bg5 Ng6 24. Bf6 b5 25. Be4 Rb8 26. Rd3 Bb7 27. Bxg6 fxg6 28. Rd7 Be4 29. f3 Rb7 30. Rfd1 Rxd7 31. Rxd7 Bb1 32. Ra7 Bxa2 33. Rxa6 Bb1 34. Rb6 Bd3 35. Rd6 Bc2 36. Rc6 Kf7 37. Rc7+ Kg8 38. Kf2 Ra8 39. Ke3 Ra1 40. Re7 Ra6 41. Rc7 Ra1 42. Rb7 Ra3 43. Kd2 Ra2 44. Ke3 Bd1 45. g4 Rc2 46. Kf4 Rxc3 47. Kg5 Rxf3 48. Kxg6 Bc2+ 49. Kh6 1-0


[Site "https://www.chess.com"]

[Event "Titled Tuesday Blitz January 10 Early 2023"]
[White "Begmuratov, Khumoyun"]
[Black "Baskakov, Egor"]
[WhiteFideId "14210207"]
[BlackFideId "24197866"]
[WhiteElo "2387"]
[BlackElo "2215"]
[Result "0-1"]
[Round "07"]
[TimeControl "180+2"]
[Date "2023.01.10"]
[WhiteClock "0:00:01"]
[BlackClock "0:00:28"]

1. e4 c5 2. Nc3 Nc6 3. Bb5 g6 4. Bxc6 dxc6 5. d3 e5 6. Be3 b6 7. Qd2 Bg7 8. f4 exf4 9. Bxf4 h6 10. Nf3 Ne7 11. O-O g5 12. Bg3 O-O 13. Rae1 Ng6 14. h3 Be6 15. b3 Qd7 16. Nd1 f5 17. exf5 Bxf5 18. Ne5 Qd4+ 19. Qe3 Nxe5 20. Qxd4 Nf3+ 21. Rxf3 cxd4 22. Nf2 Bd7 23. Rxf8+ Rxf8 24. Re7 Rf7 25. Re2 c5 26. Ne4 Re7 27. Rf2 Re6 28. Bb8 a6 29. Kf1 Bc6 30. Ng3 b5 31. Nf5 Bf8 32. g4 a5 33. Ba7 a4 34. Bb8 Bd5 35. Bg3 axb3 36. axb3 Ra6 37. h4 Ra1+ 38. Ke2 Ra2 39. Kd1 c4 40. dxc4 bxc4 41. bxc4 Bxc4 42. Nxd4 Bb4 43. Kc1 Be1 44. Rf1 Bxf1 0-1


[Site "https://www.chess.com"]

[Event "Titled Tuesday Blitz January 10 Early 2023"]
[White "Ter-Sahakyan, Samvel"]
[Black "Rakhmatullaev, Almas"]
[WhiteFideId "13302531"]
[BlackFideId "14205793"]
[WhiteElo "2617"]
[BlackElo "2275"]
[Result "0-1"]
[Round "07"]
[TimeControl "180+2"]
[Date "2023.01.10"]
[WhiteClock "0:00:05"]
[BlackClock "0:00:11"]

1. d4 Nf6 2. c4 e6 3. Nf3 d5 4. Nc3 a6 5. cxd5 exd5 6. Bg5 Be7 7. e3 h6 8. Bh4 O-O 9. Bd3 Be6 10. O-O Nbd7 11. Bg3 c5 12. dxc5 Nxc5 13. Rc1 Nxd3 14. Qxd3 Rc8 15. Be5 Nd7 16. Bd4 b5 17. h3 Qa5 18. a3 Qd8 19. Ne2 Rc4 20. Nf4 Nc5 21. Bxc5 Bxc5 22. Ne5 Rxc1 23. Rxc1 Bd6 24. Nc6 Qf6 25. Qd4 Qg5 26. Qd2 Bf5 27. Qxd5 Bxf4 28. exf4 Qxf4 29. Ne7+ Kh8 30. Qc5 Be6 31. Re1 Rd8 32. Nc6 Qd6 33. Qxd6 Rxd6 34. Rc1 Bc4 35. Ne5 Be6 36. Rc7 Kg8 37. b4 Rd5 38. Nf3 Rd3 39. Ra7 Rxa3 40. Nd4 Bc4 41. Nf5 Ra4 42. Nd6 Rxb4 43. Rxa6 Be6 44. Rb6 Rb1+ 45. Kh2 b4 46. f4 g6 47. g4 b3 48. f5 gxf5 49. gxf5 Bd5 50. Rb5 Rd1 51. f6 Rd2+ 52. Kg3 b2 53. Nf5 Kh7 54. Ne3 Be4 55. Nc4 Rd3+ 56. Kf4 Rd4 57. Rxb2 Rxc4 58. Ke5 Bg6 59. Rg2 Re4+ 60. Kd6 Re6+ 61. Kd7 Rxf6 62. h4 Rf5 63. Ke7 h5 64. Kf8 Rf4 65. Re2 Rxh4 66. Re8 Rg4 67. Ke7 Kh6 68. Kf6 Rf4+ 69. Ke5 Kg5 70. Rh8 h4 71. Kd6 Rg4 72. Ke7 Rg3 73. Kf8 f5 74. Kg7 f4 75. Re8 Bxe8 0-1


[Site "https://www.chess.com"]

[Event "Titled Tuesday Blitz January 10 Early 2023"]
[White "Mihajlov, Sebastian"]
[Black "Deac, Bogdan-Daniel"]
[WhiteFideId "1512110"]
[BlackFideId "1226380"]
[WhiteElo "2373"]
[BlackElo "2700"]
[Result "1-0"]
[Round "07"]
[TimeControl "180+2"]
[Date "2023.01.10"]
[WhiteClock "0:00:02"]
[BlackClock "0:00:02"]

1. e4 c5 2. Nf3 d6 3. d4 cxd4 4. Nxd4 Nf6 5. Nc3 e5 6. Nb3 Nc6 7. f3 Be7 8. Be3 O-O 9. Qd2 a5 10. Bb5 Be6 11. Rd1 Qc7 12. O-O Rfd8 13. Na4 Nd7 14. Qf2 Rab8 15. c4 b6 16. Nc3 Nc5 17. Nd5 Bxd5 18. cxd5 Na7 19. Nxc5 bxc5 20. Bc4 Nc8 21. b3 Nb6 22. Bd3 a4 23. Rc1 axb3 24. axb3 Nd7 25. Bc4 h6 26. h4 Nf6 27. g3 Qb7 28. Kg2 Ra8 29. Ra1 Nd7 30. Qb2 Nb6 31. Be2 Rab8 32. Ba6 Qd7 33. Qe2 Nc8 34. Bc4 f5 35. Ra6 Bf6 36. exf5 Qxf5 37. g4 Qd7 38. g5 Be7 39. Qd3 Bf8 40. Qe4 Ne7 41. Bd3 g6 42. gxh6 Rxb3 43. Bg5 Rb4 44. Qe1 Nf5 45. Bxf5 gxf5 46. Bxd8 Qxd8 47. Qg3+ Kh8 48. Qg5 Qe8 49. Ra7 1-0


[Site "https://www.chess.com"]

[Event "Titled Tuesday Blitz January 10 Early 2023"]
[White "Arabidze, Meri"]
[Black "Bluebaum, Matthias"]
[WhiteFideId "13604040"]
[BlackFideId "24651516"]
[WhiteElo "2441"]
[BlackElo "2669"]
[Result "0-1"]
[Round "07"]
[TimeControl "180+2"]
[Date "2023.01.10"]
[WhiteClock "0:00:04"]
[BlackClock "0:00:11"]

1. Nf3 d5 2. g3 Nf6 3. Bg2 e6 4. O-O Bd6 5. c4 O-O 6. Qc2 Nc6 7. d4 dxc4 8. Qxc4 e5 9. dxe5 Nxe5 10. Nxe5 Bxe5 11. Nc3 c6 12. Rd1 Qe7 13. e4 Bg4 14. f3 Be6 15. Qe2 Rfd8 16. Be3 Qb4 17. Rxd8+ Rxd8 18. Rd1 Rxd1+ 19. Qxd1 h5 20. Qd2 a5 21. f4 Bxc3 22. bxc3 Qb1+ 23. Qc1 Qxa2 24. f5 Bc4 25. Bd4 a4 26. h3 a3 27. Qg5 Kh7 28. e5 Ng8 29. Qxh5+ Nh6 30. e6 Qb1+ 31. Kh2 Qxf5 32. exf7 Bxf7 33. Qh4 Bd5 34. Qe7 Qf7 35. Qxa3 Bxg2 36. Kxg2 Qd5+ 37. Kh2 Nf5 38. Bf2 Qf3 39. Qb2 b5 40. g4 Nd6 41. Kg1 Ne4 42. Bd4 Qxh3 43. Qe2 Qg3+ 44. Kf1 Qf4+ 45. Kg2 Qg3+ 46. Kf1 Ng5 47. Be5 Qh3+ 48. Ke1 Nf3+ 49. Kd1 Qh1+ 50. Kc2 Nxe5 51. Qxe5 Qg2+ 52. Kb3 Qxg4 53. Qd6 Qc4+ 54. Kb2 Qe2+ 55. Kb3 Qe4 56. Qd8 Qd5+ 57. Qxd5 cxd5 58. Kb4 g5 59. Kc5 g4 60. Kd4 g3 61. Ke3 Kg6 62. Kf3 Kf5 63. Kxg3 Ke4 0-1


[Site "https://www.chess.com"]

[Event "Titled Tuesday Blitz January 10 Early 2023"]
[White "Jobava, Baadur"]
[Black "Skvortsov, Andrei"]
[WhiteFideId "13601520"]
[BlackFideId "24108600"]
[WhiteElo "2578"]
[BlackElo "2313"]
[Result "1-0"]
[Round "07"]
[TimeControl "180+2"]
[Date "2023.01.10"]
[WhiteClock "0:01:20"]
[BlackClock "0:00:04"]

1. b3 e5 2. Bb2 Nc6 3. Nf3 e4 4. Nd4 Nxd4 5. Bxd4 Ne7 6. Bb2 d5 7. e3 Nf5 8. d3 exd3 9. Bxd3 Qg5 10. Qf3 c6 11. Nd2 Bd6 12. g3 Ne7 13. h4 Qh6 14. g4 Qe6 15. g5 O-O 16. O-O-O Be5 17. c3 f5 18. gxf6 Rxf6 19. Qe2 Nf5 20. Rhg1 Rf8 21. Nf3 Bf6 22. Ng5 Qe8 23. c4 h6 24. Nf3 Qf7 25. Ne5 Qe6 26. f4 a5 27. h5 a4 28. Kb1 axb3 29. axb3 b5 30. c5 b4 31. Rg6 Bd7 32. Rdg1 Be8 33. e4 Bxg6 34. Nxg6 Rfe8 35. e5 Bd8 36. Qg4 Ne3 37. Qxe6+ Rxe6 38. f5 Re8 39. e6 Bg5 40. Bd4 Rad8 41. Rxg5 hxg5 42. Bxe3 d4 43. Bxg5 Rd5 44. Ne7+ Rxe7 45. Bxe7 Re5 46. Kc2 Re3 47. Bd6 Rh3 48. f6 gxf6 49. e7 Rh2+ 50. Bxh2 1-0


[Site "https://www.chess.com"]

[Event "Titled Tuesday Blitz January 10 Early 2023"]
[White "Martinez Ramirez, Lennis"]
[Black "Gholami Orimi, Mahdi"]
[WhiteFideId "3509079"]
[BlackFideId "12558486"]
[WhiteElo "2426"]
[BlackElo "2420"]
[Result "1-0"]
[Round "07"]
[TimeControl "180+2"]
[Date "2023.01.10"]
[WhiteClock "0:00:32"]
[BlackClock "0:00:02"]

1. d4 Nf6 2. c4 g6 3. Nc3 d5 4. cxd5 Nxd5 5. e4 Nxc3 6. bxc3 Bg7 7. Rb1 c5 8. Bb5+ Nc6 9. d5 Qa5 10. dxc6 O-O 11. Ne2 Rd8 12. Qb3 Rb8 13. Qa3 Qxa3 14. Bxa3 bxc6 15. Bd3 Rxb1+ 16. Bxb1 Ba6 17. Bc2 Bd3 18. Bxd3 Rxd3 19. Bxc5 Bxc3+ 20. Nxc3 Rxc3 21. Be3 Rc2 22. O-O Rxa2 23. Rc1 Ra6 24. f3 Kf8 25. Bc5 Ke8 26. Kf2 Ra2+ 27. Kg3 a5 28. Rb1 Rc2 29. Rb8+ Kd7 30. Ba3 Rc3 31. Bb2 Rc2 32. Bg7 c5 33. Ra8 Ra2 34. Ra7+ Ke8 35. Rc7 Rc2 36. Bd4 c4 37. Bc5 Kd8 38. Rxe7 a4 39. Rxf7 c3 40. Rxh7 Ra2 41. Be3 c2 42. Rg7 a3 43. Rxg6 Ra1 44. Ra6 Re1 45. Bf4 Ra1 46. h4 Kc8 47. h5 Kb7 48. Ra4 a2 49. h6 Kb6 50. h7 1-0


[Site "https://www.chess.com"]